Map: [ESL] Hecate

Players

ShaDoWn - Winner!

  • Race: Protoss Protoss
  • Spawn Location: 7:00

Elazer

  • Race: Zerg Zerg
  • Spawn Location: 1:00

Event: ESL SC2 Masters 2023 Winter (Regional)

VOD

Have the link to the VOD?

Description

Time

  • Played on: Oct. 27, 2023, 10:35 a.m.
  • Length: 6:58

All games in this series

Show
View Real Time Build Order
Export as new Build Order

ShaDoWn Protoss - Winner!

Build Orders: 1 Gate Expand, Zealot Archon 

Get SALT Encoding   

  12  0:00  Probe  
  13  0:12  Pylon  
  13  0:17  Probe (Chrono Boost)  
  14  0:27  Probe (Chrono Boost)  
  15  0:32  Probe (Chrono Boost)  
  16  0:40  Gateway  
  16  0:44  Probe  
  16  0:49  Assimilator  
  17  0:56  Probe  
  18  1:08  Probe  
  19  1:20  Probe  
  20  1:26  Nexus  
  20  1:34  Cybernetics Core  
  20  1:38  Probe  
  21  1:43  Assimilator  
  21  1:50  Probe  
  21  1:52  Pylon  
  22  2:03  Probe (Chrono Boost)  
  23  2:09  Adept (Chrono Boost)  
  23  2:14  Probe (Chrono Boost)  
  26  2:19  Probe (Chrono Boost)  
  21  2:22  Warp Gate  
  27  2:29  Probe  
  28  2:30  Sentry  
  30  2:39  Probe (Chrono Boost)  
  32  2:47  Probe (Chrono Boost)  
  32  2:50  Probe (Chrono Boost)  
  33  2:54  Nexus, Probe x2 (Chrono Boost)  
  35  3:04  Stalker  
  38  3:06  Probe (Chrono Boost)  
  38  3:07  Probe (Chrono Boost)  
  38  3:10  Pylon  
  39  3:18  Probe (Chrono Boost)  
  41  3:23  Probe (Chrono Boost)  
  41  3:24  Probe (Chrono Boost)  
  41  3:25  Forge  
  42  3:29  Probe  
  42  3:31  Assimilator  
  42  3:32  Probe  
  44  3:34  Assimilator  
  44  3:38  Robotics Facility  
  44  3:44  Probe (Chrono Boost)  
  44  3:45  Probe (Chrono Boost)  
  44  3:48  Gateway  
  46  3:55  Probe (Chrono Boost)  
  48  3:56  Protoss Ground Weapons Level 1  
  48  3:58  Probe (Chrono Boost)  
  48  4:00  Probe (Chrono Boost)  
  49  4:06  Probe  
  49  4:08  Probe  
  49  4:09  Shield Battery  
  51  4:10  Probe  
  51  4:11  Adept  
  54  4:20  Probe (Chrono Boost)  
  54  4:21  Probe (Chrono Boost)  
  54  4:22  Twilight Council  
  57  4:28  Probe (Chrono Boost)  
  57  4:29  Observer  
  57  4:31  Probe (Chrono Boost)  
  60  4:34  Gateway  
  60  4:35  Probe (Chrono Boost)  
  60  4:36  Probe (Chrono Boost)  
  60  4:37  Gateway  
  60  4:38  Probe (Chrono Boost)  
  62  4:40  Sentry  
  66  4:46  Probe (Chrono Boost)  
  66  4:47  Probe (Chrono Boost)  
  66  4:49  Probe (Chrono Boost)  
  66  4:50  Probe (Chrono Boost)  
  68  4:54  Probe  
  69  5:00  Pylon  
  69  5:01  Pylon  
  69  5:02  Probe (Chrono Boost)  
  69  5:04  Assimilator x2  
  69  5:05  Charge  
  69  5:06  Probe (Chrono Boost)  
  68  5:11  Pylon  
  68  5:12  Probe (Chrono Boost), Pylon  
  68  5:14  Probe (Chrono Boost)  
  69  5:16  Immortal (Chrono Boost)  
  69  5:19  Templar Archives, Probe (Chrono Boost)  
  74  5:21  Zealot x2  
  74  5:24  Probe  
  74  5:27  Probe  
  80  5:30  Probe  
  80  5:34  Zealot x2  
  83  5:37  Probe  
  83  5:38  Gateway  
  83  5:39  Gateway  
  83  5:41  Probe  
  85  5:43  Probe  
  85  5:49  Immortal (Chrono Boost), Probe  
  91  5:57  High Templar  
  91  5:58  High Templar x3  
  91  6:01  Photon Cannon  
  91  6:02  Archon  
  91  6:03  Archon  
  96  6:05  Shield Battery  
  96  6:08  Shield Battery  
  96  6:09  Photon Cannon  
  96  6:10  Pylon  
  96  6:11  Photon Cannon  
  96  6:21  Immortal (Chrono Boost)  
  96  6:23  Probe  
  101  6:28  Pylon  
  101  6:32  Sentry x2  
  101  6:34  Stalker x3  
  95  6:52  Pylon  
  98  6:57  Zealot x5  
Show
View Real Time Build Order
Export as new Build Order

Elazer Zerg 

Build Orders: Hatch First 

Get SALT Encoding   

  12  0:00  Drone  
  13  0:07  Drone  
  14  0:32  Hatchery  
  13  0:35  Drone  
  13  0:40  Extractor  
  13  0:42  Drone  
  15  0:49  Overlord  
  15  1:05  Spawning Pool  
  15  1:08  Drone  
  15  1:12  Drone  
  15  1:15  Drone  
  17  1:22  Drone  
  18  1:32  Drone  
  19  1:42  Drone  
  19  1:46  Drone  
  21  1:51  Queen  
  21  1:52  Queen  
  25  1:55  Zergling x2  
  25  1:58  Overlord  
  26  2:03  Drone  
  26  2:06  Drone  
  28  2:16  Drone  
  28  2:17  Drone  
  30  2:27  Hatchery  
  29  2:30  Queen  
  29  2:31  Extractor  
  29  2:34  Drone  
  29  2:35  Drone  
  32  2:40  Overlord  
  32  2:43  Drone  
  33  2:45  Drone  
  34  2:54  Drone  
  34  2:56  Drone  
  34  2:57  Queen  
  38  3:00  Drone x2  
  38  3:03  Drone  
  41  3:07  Zergling x2  
  41  3:11  Queen  
  44  3:15  Overlord  
  44  3:21  Spore Crawler  
  44  3:22  Drone  
  44  3:34  Drone x3  
  47  3:35  Drone x3  
  47  3:36  Queen  
  47  3:39  Overlord  
  52  3:42  Overlord  
  52  3:44  Drone  
  52  3:46  Drone  
  54  3:53  Drone x3, Metabolic Boost  
  57  4:01  Drone x3  
  60  4:04  Drone  
  60  4:06  Drone x3  
  60  4:09  Drone x2  
  66  4:19  Overlord  
  66  4:21  Overlord  
  66  4:24  Lair  
  66  4:26  Overlord  
  66  4:35  Overlord  
  66  4:37  Queen  
  66  4:38  Zergling x12  
  74  4:41  Roach Warren  
  74  4:42  Extractor x2  
  69  4:53  Overlord  
  69  4:55  Zergling x16  
  76  5:02  Overlord  
  76  5:04  Zergling x4  
  77  5:13  Overlord  
  77  5:14  Zergling x10  
  82  5:25  Roach x5  
  82  5:28  Roach x3  
  98  5:36  Roach x3  
  98  5:39  Overlord x2  
  98  5:41  Roach x2  
  98  5:42  Roach  
  110  5:46  Zergling x6  
  113  5:52  Zergling x2  
  114  5:59  Zergling x4  
  114  6:00  Ravager x2  
  114  6:04  Zergling x2  
  118  6:10  Pneumatized Carapace  
  118  6:13  Zergling x16  
  124  6:21  Ravager  
  124  6:24  Zergling x10  
Tags
 
Add a new tag
Caveats
  • Supply blocks, unpowered buildings, or Contaminate may cause inaccurate times.
  • Supply counts are checked every 10 seconds.